cohdb
Replays
Latest Replays
All Replays
Popular Replays
Top Player Replays
Match Explorer
How It Works
Community
CoH3 Stats
Reddit
Sign in to upload your games and track your stats! →
Sign in with Steam
Match 31679134
Unlisted
Match 31679134
Overview
Messages
Build Orders
End
Construct Infanterie Kompanie
Grenadier Squad
Grenadier Squad
MG 42 Machine Gun Team
Construct Panzergrenadier Kompanie
Selects Mechanized Battlegroup
Selects Mobile Repair Stations
251 Medium Carrier
Panzergrenadier Squad
Construct Panzer Kompanie
Stoßtruppen Squad
Selects Raid Package
Selects Stoßtruppen Assault Package
Selects 8 Rad Armored Car
Selects UNKNOWN (2160084)
Panther Heavy Tank
Stoßtruppen Squad
goespain
quasar
925516973
Super Dishes
FranzVG
IRAQI ARMY
the_irregular
gUi
0
0
Comments
sign in to comment!
No comments posted yet!